 Dungeon Crawl Stone Soup version 0.20-a0-201-g851c6fa (webtiles) character file.

46166 UristPineapples the Spry (level 14, 57/72 HPs)
             Began as a Spriggan Enchanter on Oct 22, 2016.
             Was a Follower of Uskayaw.
             Quit the game on level 6 of the Lair of Beasts on Nov 24, 2016.
             The game lasted 02:26:41 (27649 turns).

UristPineapples the Spry (Spriggan Enchanter)      Turns: 27649, Time: 02:26:42

Health: 57/72      AC:  2    Str:  4    XL:     14   Next: 3%
Magic:  9/30       EV: 37    Int: 20    God:    Uskayaw [*.....]
Gold:   1137       SH:  6    Dex: 27    Spells: 17/36 levels left

rFire  + + .     SeeInvis +     y - +2 short sword (speed)
rCold  + . .     Gourm    .     N - +0 robe "Quhioh" {rF+ Dex+7}
rNeg   . . .     Faith    .     (shield restricted)
rPois  .         Spirit   .     (helmet restricted)
rElec  +         Reflect  .     (no cloak)
rCorr  +         Harm     .     (gloves unavailable)
MR     +++..                    (boots unavailable)
Stlth  +++++++...               (no amulet)
                                Y - ring "Ciupleer" {rCorr rElec rF+ rC+ Dex+2}
                                h - ring of protection from magic

@: very quick
A: unfitting armour, large bone plates 2, camouflage 1, see invisible, herbivore
3, speed 3, slow metabolism 2
a: Stomp, Renounce Religion


You were on level 6 of the Lair of Beasts.
You worshipped Uskayaw.
Uskayaw was aware of your devotion.
You were hungry.

You visited 3 branches of the dungeon, and saw 19 of its levels.
You also visited: Sewer and Bailey.

You collected 1137 gold pieces.

Inventory:

Hand Weapons
 a - a +4 dagger of flaming
 m - a +4 blowgun
 v - a +1 dagger of venom
 y - a +2 short sword of speed (weapon)
Missiles
 d - 8 needles of confusion
 x - 27 poisoned needles
Armour
 N - the +0 robe "Quhioh" (worn) {rF+ Dex+7}
   (You found it on level 9 of the Dungeon)

   It affects your dexterity (+7).
   It protects you from fire.
Jewellery
 h - a ring of protection from magic (left hand)
 q - a +2 ring of evasion
 O - an uncursed ring of positive energy
 Y - the ring "Ciupleer" (right hand) {rCorr rElec rF+ rC+ Dex+2}
   (You found it on level 1 of the Lair of Beasts)

   [ring of resist corrosion]

   It affects your dexterity (+2).
   It protects you from fire.
   It protects you from cold.
   It insulates you from electricity.
Wands
 b - a wand of paralysis (7/24)
 c - a wand of acid (3/15)
 C - a wand of paralysis (9/24)
 F - a wand of teleportation (5/9)
 H - a wand of heal wounds (1/9)
 V - a wand of digging (9/24)
 Z - a wand of lightning (8/15)
Scrolls
 i - 8 scrolls of remove curse
 j - 3 scrolls of recharging
 k - 3 scrolls of teleportation
 o - 5 scrolls of amnesia
 p - 5 scrolls of enchant armour
 r - 4 scrolls of magic mapping
 w - 2 scrolls of fear
 B - a scroll of immolation {unknown}
 G - 3 scrolls of fog
 I - a scroll of enchant weapon {unknown}
 M - 2 scrolls of random uselessness {unknown}
 P - 2 scrolls of noise {unknown}
 R - a scroll of blinking {unknown}
 W - a scroll of silence {unknown}
Potions
 e - 15 potions of curing
 f - 3 potions of lignification
 g - 5 potions of haste
 l - 8 potions of might
 t - 2 potions of invisibility
 z - 3 potions of agility
 A - 3 potions of flight
 D - 4 potions of brilliance
 E - 6 potions of heal wounds
 J - 3 potions of cure mutation
 K - a potion of berserk rage {unknown}
 L - 2 potions of magic {unknown}
 Q - a potion of cancellation {unknown}
 U - 2 potions of resistance {unknown}
Books
 S - a book of Cantrips

   Spells                             Type                      Level
   a - Confusing Touch                Hexes                        1
   b - Animate Skeleton               Necromancy                   1
   c - Summon Small Mammal            Summoning                    1
   d - Apportation                    Translocation                1
 T - a book of Conjurations

   Spells                             Type                      Level
   a - Magic Dart                     Conjuration                  1
   b - Searing Ray                    Conjuration                  2
   c - Dazzling Spray                 Conjuration/Hexes            3
   d - Fulminant Prism                Conjuration/Hexes            4
   e - Iskenderun's Mystic Blast      Conjuration                  4
   f - Iskenderun's Battlesphere      Conjuration/Charms           5
 X - a book of Flames

   Spells                             Type                      Level
   a - Flame Tongue                   Conjuration/Fire             1
   b - Throw Flame                    Conjuration/Fire             2
   c - Conjure Flame                  Conjuration/Fire             3
   d - Inner Flame                    Hexes/Fire                   3
   e - Sticky Flame                   Conjuration/Fire             4
   f - Fireball                       Conjuration/Fire             5
Miscellaneous
 s - a box of beasts
Comestibles
 n - 7 bread rations
 u - 3 fruits


   Skills:
 - Level 7.0 Fighting
 + Level 7.3 Short Blades
 + Level 17.6 Dodging
 - Level 12.3 Stealth
 - Level 11.7 Spellcasting
 - Level 11.4 Hexes
 * Level 9.8 Invocations


You had 17 spell levels left.
You knew the following spells:

 Your Spells              Type           Power        Failure   Level  Hunger
a - Corona                Hex            ######.      1%          1    None
b - Ensorcelled Hibernat  Hex/Ice        ####..       1%          2    None
c - Confuse               Hex            ######..     1%          3    None
d - Tukima's Dance        Hex            ######..     1%          3    None
e - Dazzling Spray        Conj/Hex       ####..       1%          3    None
f - Fulminant Prism       Conj/Hex       ####......   8%          4    #......
g - Inner Flame           Hex/Fire       ####....     1%          3    None


Dungeon Overview and Level Annotations

Branches:
Dungeon (12/15)            Temple (1/1) D:6            Lair (6/6) D:10
  Swamp (0/4) Lair:3       Spider (0/4) Lair:2        Slime (0/5) Lair:6
    Orc (0/2) D:11

Altars:
Ashenzari
Cheibriados
Dithmenos
Elyvilon
Fedhas
Gozag
Hepliaklqana
Kikubaaqudgha
Makhleb
Nemelex Xobeh
Okawaru
Qazlal
Ru
Sif Muna
Trog
Uskayaw
Vehumet
Xom
Yredelemnul
Zin
The Shining One
Jiyva

Shops:
D:6 =   D:7 [

Annotations:
D:12 Azrael


Innate Abilities, Weirdness & Mutations

You are very small and have problems with some larger weapons.
You are too small for most types of armour.
You have supernaturally acute eyesight. (SInv)
You are a herbivore.
You cover ground extremely quickly.
You need consume almost no food.
You are mostly covered in large bone plates. (SH +6)
Your skin changes colour to match your surroundings (Stealth+).


Message History

You hit the blink frog.
The blink frog is almost dead.
The blink frog completely misses you.
You miss the blink frog.
The blink frog is almost dead.
You closely miss the blink frog.
The blink frog is almost dead.
The blink frog completely misses you.
You miss the blink frog.
The blink frog is almost dead.
The blink frog completely misses you.
You completely miss the blink frog.
The blink frog is almost dead.
You hit the blink frog.
You kill the blink frog!
No target in view!
No target in view!
You start resting.
You can no longer pass through a line of other dancers.
Are you sure you want to abandon this character and quit the game? (Confirm with "yes".)

...................F.
......................
..P.....#.†.#.#......
≈≈≈P♣....#.†P.##....#......
P≈≈P..[##......#...# ..#..##
♣♣♣...##P...(.##$..# ......##.
♣♣....##P......##..# ....)....
♣#....###..........###........
##P...###..P....@...#.........
##....##P.P.#.#....#.)...#
##.....##PPP..##....##....#
##.......PPP..#....#..####....
PP........PP...........P.(.# .
.....P...P...................
...#P....#P...#....####.....#
########.########..# ###.## #
### #### #


There were no monsters in sight!

Vanquished Creatures
  8 hydras
  7 death yaks (Lair:4)
  An unseen horror (D:11)
  2 hill giants
  An orc knight (Bailey)
  3 ugly things (D:12)
  A cyclops (D:11)
  8 elephants
  A black mamba (Lair:2)
  6 spiny frogs
  A centaur skeleton (D:11)
  3 kobold demonologists
  6 rime drakes
  2 komodo dragons
  A troll (D:9)
  A queen bee (D:10)
  A jumping spider (Lair:2)
  2 two-headed ogres
  9 blink frogs
  12 dream sheep
  8 hippogriffs
  5 wyverns
  Sigmund (D:4)
  A human (D:8)
  3 hogs (D:8)
  A fire elemental (D:12)
  10 basilisks
  18 yaks
  An acid dragon (D:12)
  Edmund (D:4)
  3 hell hounds
  4 porcupines
  18 water moccasins
  13 orc warriors
  3 black bears
  A sky beast (D:5)
  5 ice beasts
  3 phantoms
  5 ogres
  A boggart (Lair:6)
  8 centaurs
  8 wolves
  A necrophage (D:11)
  5 crocodiles
  Blork the orc (D:7)
  20 bullfrogs
  2 big kobolds
  Dowan (D:4)
  2 scorpions (D:9)
  24 killer bees
  8 wights
  2 howler monkeys
  An electric eel (Bailey)
  6 crimson imps
  3 bullfrog zombies
  A quasit (D:11)
  6 orc priests
  2 jellies
  A centaur zombie (D:12)
  A bullfrog skeleton (D:10)
  12 hounds
  7 orc wizards
  8 iguanas
  7 worker ants
  A hound zombie (D:8)
  A worker ant zombie (D:6)
  Robin (D:3)
  2 howler monkey zombies
  6 gnolls
  21 adders
  10 river rats (Sewer)
  A shadow imp (D:12)
  4 oozes
  An adder zombie (D:6)
  3 adder skeletons
  3 worms
  A dart slug (D:3)
  8 leopard geckos
  44 orcs
  6 bats
  7 giant cockroaches
  14 goblins
  17 hobgoblins
  5 jackals
  6 quokkas
  11 ball pythons
  6 frilled lizards
  31 kobolds
  A leopard gecko skeleton (D:4)
  A quokka zombie (D:5)
  23 rats
  A fulminant prism (Lair:4)
  2 fungi
  A plant (Lair:4)
557 creatures vanquished.

Vanquished Creatures (collateral kills)
  2 hill giants
  Duvessa (D:4)
  3 orc warriors
  2 ogres
  A quasit (D:11)
  A hound (D:7)
  An orc priest (D:6)
  2 orc wizards
  A gnoll (Bailey)
  8 orcs
  3 goblins (Bailey)
  4 hobgoblins (Bailey)
  2 kobolds (D:7)
31 creatures vanquished.

Vanquished Creatures (others)
  4 dancing weapons
  A centaur skeleton (D:12)
  A wyvern skeleton (D:12)
  15 fulminant prisms
  18 fungi
  17 plants
56 creatures vanquished.

Grand Total: 644 creatures vanquished

Notes
Turn   | Place    | Note
-------+----------+-------------------------------------------
     0 | D:1      | UristPineapples the Spriggan Enchanter began the quest for the Orb.
     0 | D:1      | Reached XP level 1. HP: 9/9 MP: 5/5
   508 | D:1      | Reached XP level 2. HP: 13/13 MP: 6/6
   675 | D:1      | Learned a level 2 spell: Ensorcelled Hibernation
  1938 | D:2      | Reached XP level 3. HP: 16/16 MP: 5/8
  1999 | D:2      | Reached skill level 5 in Stealth
  2106 | D:2      | Reached skill level 5 in Hexes
  2355 | D:2      | Reached XP level 4. HP: 21/21 MP: 4/9
  2817 | D:2      | Learned a level 3 spell: Confuse
  2950 | D:3      | Noticed Robin
  3074 | D:3      | Reached XP level 5. HP: 24/24 MP: 10/10
  3093 | D:3      | Found a shadowy altar of Dithmenos.
  3108 | D:3      | Learned a level 3 spell: Tukima's Dance
  3210 | D:3      | Killed Robin
  3537 | D:3      | Found a sacrificial altar of Ru.
  3602 | D:3      | You fall through a shaft!
  3637 | D:4      | Found an iron altar of Okawaru.
  3717 | D:4      | Noticed Sigmund
  3733 | D:4      | Noticed Edmund
  4165 | D:4      | Reached XP level 6. HP: 28/28 MP: 11/11
  4228 | D:4      | Killed Edmund
  4515 | D:4      | Noticed Blork the orc
  5185 | D:4      | Found a shattered altar of Ashenzari.
  5198 | D:4      | Noticed Dowan
  5202 | D:4      | Noticed Duvessa
  5445 | D:4      | Killed Sigmund
  5445 | D:4      | Reached XP level 7. HP: 31/32 MP: 9/12
  5541 | D:4      | Killed Duvessa
  6004 | D:4      | Killed Dowan
  6111 | D:5      | Entered Level 5 of the Dungeon
  6658 | D:5      | Found a glowing silver altar of Zin.
  6766 | D:5      | Reached XP level 8. HP: 30/36 MP: 3/13
  6970 | D:5      | Reached skill level 10 in Hexes
  7391 | D:6      | Found a shimmering altar of Xom.
  7391 | D:6      | Found a blossoming altar of Fedhas.
  7391 | D:6      | Found a bloodstained altar of Trog.
  7391 | D:6      | Found a snail-covered altar of Cheibriados.
  7395 | D:6      | Found a glowing drain.
  7475 | Sewer    | Entered a sewer
  7537 | Sewer    | Reached skill level 10 in Stealth
  8567 | D:6      | Found a staircase to the Ecumenical Temple.
  8577 | Temple   | Entered the Ecumenical Temple
  9101 | D:6      | Found Pofuskei's Jewellery Shop.
  9815 | D:6      | Found a hide-covered altar of Uskayaw.
  9821 | D:6      | Became a worshipper of Uskayaw the Reveler
  9825 | D:6      | Found a radiant altar of Vehumet.
  9922 | D:6      | Reached skill level 4 in Dodging
  9922 | D:6      | Reached XP level 9. HP: 39/39 MP: 12/15
  9922 | D:6      | Reached * piety under Uskayaw
 10009 | D:6      | Reached ** piety under Uskayaw
 10432 | D:7      | Found Ahoxe's Armour Emporium.
 10465 | D:7      | Reached skill level 5 in Dodging
 10469 | D:7      | Found a flagged portal.
 10513 | D:7      | Killed Blork the orc
 10634 | Bailey   | Entered a bailey
 10742 | Bailey   | Found an iron altar of Okawaru.
 10742 | Bailey   | Noticed a kobold demonologist
 10755 | Bailey   | Noticed Miyamura's ghost (novice TrFi)
 10761 | Bailey   | Noticed a kobold demonologist
 10772 | Bailey   | Reached *** piety under Uskayaw
 10773 | Bailey   | Noticed a smoke demon
 10773 | Bailey   | Killed a kobold demonologist
 10773 | Bailey   | Reached skill level 6 in Dodging
 10773 | Bailey   | Reached skill level 5 in Spellcasting
 10775 | Bailey   | Killed a kobold demonologist
 10775 | Bailey   | Reached skill level 7 in Dodging
 10776 | Bailey   | Reached **** piety under Uskayaw
 10819 | Bailey   | Reached ***** piety under Uskayaw
 10968 | Bailey   | Reached skill level 8 in Dodging
 11193 | Bailey   | Reached skill level 1 in Invocations
 11409 | Bailey   | Noticed an orc knight
 11425 | Bailey   | Killed an orc knight
 11425 | Bailey   | Reached skill level 9 in Dodging
 11425 | Bailey   | Reached XP level 10. HP: 38/44 MP: 12/22
 12826 | D:7      | Found a sparkling altar of Nemelex Xobeh.
 13239 | D:8      | Reached skill level 10 in Dodging
 14195 | D:8      | Reached skill level 11 in Dodging
 14681 | D:9      | Got an ichor-stained robe
 14692 | D:9      | Identified the +0 robe "Quhioh" {rF+ Dex+7} (You found it on level 9 of the Dungeon)
 14822 | D:9      | Reached skill level 10 in Spellcasting
 14954 | D:9      | Found a burning altar of Makhleb.
 15522 | D:9      | Reached XP level 11. HP: 47/47 MP: 26/26
 15848 | D:9      | Reached skill level 12 in Dodging
 15996 | D:10     | Entered Level 10 of the Dungeon
 16098 | D:10     | Learned a level 3 spell: Dazzling Spray
 16177 | D:10     | Found a staircase to the Lair.
 16403 | D:10     | Gained mutation: You are partially covered in large bone plates. (SH +4) [potion of mutation]
 16403 | D:10     | Gained mutation: Your skin changes colour to match your surroundings (Stealth+). [potion of mutation]
 16403 | D:10     | Gained mutation: Your muscles are strong. (Str +2) [potion of mutation]
 16404 | D:10     | Gained mutation: You are mostly covered in large bone plates. (SH +6) [potion of mutation]
 16404 | D:10     | Lost mutation: Your muscles are strong. (Str +2) [potion of mutation]
 16405 | D:10     | Gained mutation: You are frail. (-10% HP) [potion of mutation]
 16405 | D:10     | Lost mutation: You are frail. (-10% HP) [potion of mutation]
 17011 | D:10     | Reached skill level 5 in Invocations
 17377 | D:10     | Got a dazzling mace
 17378 | D:10     | Identified the +4 mace of the Heavens {crush, Dex+4} (You found it on level 10 of the Dungeon)
 17502 | D:10     | Reached skill level 13 in Dodging
 17797 | D:11     | Noticed a hill giant
 18053 | D:11     | Noticed an unseen horror
 18060 | D:11     | Killed an unseen horror
 18223 | D:11     | Noticed a hill giant
 18240 | D:11     | Killed a hill giant
 18391 | D:11     | Found a staircase to the Orcish Mines.
 18753 | D:11     | Noticed a hill giant
 18759 | D:11     | Killed a hill giant
 18957 | D:11     | Reached skill level 14 in Dodging
 19224 | D:12     | Reached skill level 5 in Short Blades
 19246 | D:12     | Killed a hill giant
 19433 | D:12     | Learned a level 4 spell: Fulminant Prism
 19501 | D:12     | Noticed a red ugly thing
 19510 | D:12     | Noticed a white ugly thing
 19544 | D:12     | Killed a red ugly thing
 19544 | D:12     | Reached XP level 12. HP: 51/51 MP: 11/28
 19940 | D:12     | Noticed an eight-headed hydra
 19991 | D:12     | Upgraded the game from 0.19-a0-1908-g43c011f to 0.20-a0-40-gb6e7b4f
 20248 | D:12     | Noticed Azrael
 20441 | Lair:1   | Entered Level 1 of the Lair of Beasts
 20441 | Lair:1   | Noticed a seven-headed hydra
 20447 | Lair:1   | Killed a seven-headed hydra
 20447 | Lair:1   | Reached skill level 15 in Dodging
 20755 | Lair:1   | Reached skill level 1 in Fighting
 20897 | Lair:1   | Noticed a six-headed hydra
 21134 | Lair:1   | Noticed a six-headed hydra
 21147 | Lair:1   | Killed a six-headed hydra
 21182 | Lair:1   | Learned a level 3 spell: Inner Flame
 21206 | Lair:1   | Killed a six-headed hydra
 21217 | Lair:1   | Got a sparkling iron ring
 21219 | Lair:1   | Identified the ring "Ciupleer" {rCorr rElec rF+ rC+ Dex+2} (You found it on level 1 of the Lair of Beasts)
 21455 | Lair:2   | Found a hole to the Spider Nest.
 21648 | Lair:2   | Reached skill level 16 in Dodging
 21875 | Lair:2   | Found a bloodstained altar of Trog.
 21875 | Lair:2   | Noticed an eight-headed hydra
 21893 | Lair:2   | Killed an eight-headed hydra
 22464 | Lair:3   | Reached XP level 13. HP: 63/63 MP: 16/29
 22540 | Lair:3   | Found a staircase to the Swamp.
 22602 | Lair:3   | Reached skill level 5 in Fighting
 23795 | Lair:4   | Reached skill level 17 in Dodging
 24899 | Lair:4   | Upgraded the game from 0.20-a0-40-gb6e7b4f to 0.20-a0-45-gb3e417c
 25984 | Lair:5   | Upgraded the game from 0.20-a0-45-gb3e417c to 0.20-a0-201-g851c6fa
 26382 | Lair:6   | Entered Level 6 of the Lair of Beasts
 26418 | Lair:6   | Found a viscous altar of Jiyva.
 26418 | Lair:6   | Found a staircase to the Slime Pits.
 27475 | Lair:6   | Reached XP level 14. HP: 69/72 MP: 14/30
 27649 | Lair:6   | Quit the game

Vault maps used:
D:1:      minmay_arrival_open_corners
D:2:      first_bread, minmay_misc_feat_plants, hangedman_feature_mirror
D:3:      nicolae_ru_the_path_less_chosen, nicolae_dithmenos_shadow_blocks,
          uniq_robin
D:4:      nicolae_overflow_crystal_walls, overflow_temple_1_default,
          uniq_edmund, uniq_blork_the_orc, uniq_duvessa, uniq_sigmund
D:5:      zin_scriptorium
D:6:      chequers_temple_overflow_statue_of_worship, minitemple, serial_shops,
          shop_fountains, portal_sewer_entry_b
D:7:      kennysheep_mini_moat, serial_shops, shop_fountains, enter_bailey_2
D:8:      grunt_livestock
D:9:      basic_altar, kennysheep_generic_room_16
D:10:     david_lair_generic, nicolae_looking_at_the_future
D:11:     orc_0_dummy, glass_columns_c
D:12:     uniq_azrael
Temple:   compressed_dpeg_triangle_lava_temple
Lair:2:   spider_nest_entry_rubble, basic_altar
Lair:3:   swamp_mist_pool
Lair:4:   special_room, beast_lair_carwin_8, lemuel_fruit_tree
Lair:6:   minmay_lair_end_enchanted_forest, slime_altar_1, serial_bayou_ford_a,
          uniq_josephine, uniq_kirke
Sewer:    sewer_minmay_treatment
Bailey:   bailey_axe_of_yendor_kennysheep, bailey

Skill      XL: |  1  2  3  4  5  6  7  8  9 10 11 12 13 |
---------------+----------------------------------------+-----
Hexes          | 4 5 6 8 9 11 | 11.4
Stealth        | 5 6 7 8 9 11 12 | 12.3
Spellcasting   | 3 7 10 11 | 11.7
Dodging        | 4 9 11 14 16 17 | 17.6
Invocations    | 1 4 6 9 |  9.8
Short Blades   | 5 6 7 |  7.3
Fighting       | 4 7 |  7.0

Action                   |  1- 3 |  4- 6 |  7- 9 | 10-12 | 13-15 || total
-------------------------+-------+-------+-------+-------+-------++-------
Melee: Dagger            |   110 |   189 |    34 |   113 |       ||   446
       Short sword       |       |       |   386 |   612 |   301 ||  1299
 Fire: Blowgun           |       |       |    15 |    44 |    10 ||    69
Throw: Throwing net      |       |       |       |       |     2 ||     2
 Cast: Corona            |     6 |     5 |       |       |       ||    11
       Ensorcelled Hiber |    14 |    37 |    49 |    86 |    91 ||   277
       Confuse           |       |     6 |    19 |    79 |    29 ||   133
       Tukima's Dance    |       |     1 |    22 |    20 |       ||    43
       Fulminant Prism   |       |       |       |     8 |     8 ||    16
       Dazzling Spray    |       |       |       |    18 |    12 ||    30
       Inner Flame       |       |       |       |       |     9 ||     9
Invok: Stomp             |       |       |     4 |    32 |     4 ||    40
       Line Pass         |       |       |     1 |     7 |     3 ||    11
Evoke: Wand              |       |       |       |    12 |    10 ||    22
       Box of beasts     |       |       |       |     1 |     1 ||     2
  Use: Scroll            |     2 |     4 |     7 |    10 |     3 ||    26
       Potion            |       |       |     3 |     3 |       ||     6
 Stab: Sleeping          |    15 |    31 |    57 |    97 |    48 ||   248
       Confused          |       |     1 |    10 |    57 |    21 ||    89
       Distracted        |       |       |     3 |     8 |     2 ||    13
       Invisible         |       |       |     5 |     3 |     4 ||    12
       Paralysed         |       |       |     3 |    19 |     5 ||    27
       Held in net/web   |       |       |       |       |     2 ||     2
  Eat: Bread ration      |       |     1 |     2 |       |       ||     3
       Fruit             |       |       |     2 |       |     4 ||     6
       Pizza             |       |       |       |     9 |       ||     9
       Royal jelly       |       |       |       |     1 |     1 ||     2
Armor: Robe              |    14 |    12 |    14 |    12 |     6 ||    58
Dodge: Dodged            |    57 |   107 |   286 |   615 |   201 ||  1266
Block: Other             |       |       |       |    86 |    54 ||   140
